 Dungeon Crawl Stone Soup version 0.20-a0-656-g9b0dcd9 (webtiles) character file.

420 Buane the Insei (level 6, -6/43 HPs)
             Began as a Merfolk Transmuter on Feb 16, 2017.
             Was an Initiate of Makhleb.
             Mangled by an orc
             ... wielding a +0 mace
              (9 damage)
             ... on level 4 of the Dungeon.
             The game lasted 00:16:18 (3571 turns).

Buane the Insei (Merfolk Transmuter)                Turns: 3571, Time: 00:16:18

Health: -6/43      AC:  3    Str: 11    XL:     6   Next: 94%
Magic:  9/9        EV: 15    Int: 12    God:    Makhleb [......]
Gold:   152        SH:  0    Dex: 16    Spells: 5/9 levels left

rFire    . . .     SeeInvis .     - Unarmed
rCold    . . .     Gourm    .   b - +0 robe
rNeg     . . .     Faith    .   (no shield)
rPois    .         Spirit   .   g - +0 helmet
rElec    .         Reflect  .   (no cloak)
rCorr    .         Harm     .   (no gloves)
MR       .....                  (no boots)
Stlth    ++........             (no amulet)
Regen    0.2/turn               (no ring)
MPRegen  0.2/turn               (no ring)

@: no status effects
A: change form in water, swift swim, stealthy swim
a: Renounce Religion


You were on level 4 of the Dungeon.
You worshipped Makhleb.
Makhleb was noncommittal.
You were not hungry.

You visited 1 branch of the dungeon, and saw 4 of its levels.

You collected 152 gold pieces.

Inventory:

Missiles
 a - 81 arrows
Armour
 b - a +0 robe (worn)
 g - a +0 helmet (worn)
Scrolls
 e - a scroll of recharging {unknown}
 f - a scroll of remove curse
 h - a scroll of enchant weapon
 m - 2 scrolls of amnesia {unknown}
 n - a scroll of noise {unknown}
 p - a scroll of magic mapping {unknown}
Potions
 i - a potion of ambrosia
 j - 4 potions of curing
 l - a potion of haste
 o - a potion of magic {unknown}
 t - a potion of resistance {unknown}
 u - a potion of heal wounds {unknown}
Books
 c - a book of Changes

   Spells                             Type                      Level
   a - Beastly Appendage              Transmutation                1
   b - Sticks to Snakes               Transmutation                2
   c - Spider Form                    Transmutation/Poison         3
   d - Ice Form                       Ice/Transmutation            4
   e - Blade Hands                    Transmutation                5
Comestibles
 d - 3 bread rations
 k - 2 meat rations
 s - 4 fruits


   Skills:
 + Level 1.3 Fighting
 + Level 4.6 Dodging
 + Level 1.6 Stealth
 * Level 7.0 Unarmed Combat
 + Level 2.3 Spellcasting
 + Level 3.0 Transmutations


You had 5 spell levels left.
You knew the following spells:

 Your Spells              Type           Power        Failure   Level  Hunger
a - Beastly Appendage     Tmut           #.....       10%         1    ##.....
b - Spider Form           Tmut/Pois      #.........   43%         3    ####...


Dungeon Overview and Level Annotations

Branches:
Dungeon (4/15)
 Temple: D:4-7

Altars:
Makhleb
Nemelex Xobeh
Qazlal
Sif Muna
Vehumet
Zin


Message History

You punch the orc priest!
The orc priest is severely wounded.
The orc priest hits you.
You hit the orc priest.
The orc priest is almost dead.
The orc misses you.
The orc priest mumbles some strange prayers to Beogh against you.
Pain shoots through your body!
* * * LOW HITPOINT WARNING * * *
You barely miss the orc priest.
The orc priest is almost dead.
The orc priest invokes the aid of Beogh against you.
Pain shoots through your body!
* * * LOW HITPOINT WARNING * * *
The orc completely misses you.
You closely miss the orc priest. Your punch misses the orc priest.
The orc priest is almost dead.
The orc priest looks braver for a moment.
The orc hits you with a mace!
You die...

##.#########
.......o...#### #@##....#
#o......## ##........ #
#.#.#.### #..####)#.# #
##.........# ### # ####
##...####.### ..#.# ####
...### ##.....###.#####.#.#
#...
.....###.......##.........#
#.##


You could see an orc priest and an orc.

Vanquished Creatures
  An ogre (D:4)
  Blork the orc (D:4)
  A hound (D:4)
  4 worker ants
  5 adders
  2 oozes
  4 worms
  2 dart slugs (D:1)
  A leopard gecko (D:3)
  3 orcs
  8 giant cockroaches
  9 goblins
  11 hobgoblins
  2 jackals (D:1)
  3 kobolds
  2 quokkas (D:2)
  6 bats
  3 frilled lizards
  9 rats
77 creatures vanquished.

Notes
Turn   | Place    | Note
-------+----------+-------------------------------------------
     0 | D:1      | Buane the Merfolk Transmuter began the quest for the Orb.
     0 | D:1      | Reached XP level 1. HP: 15/15 MP: 3/3
   145 | D:1      | Reached XP level 2. HP: 14/21 MP: 5/5
   631 | D:1      | Reached skill level 4 in Unarmed Combat
   761 | D:1      | Reached XP level 3. HP: 25/26 MP: 6/6
  1185 | D:2      | Reached XP level 4. HP: 28/32 MP: 7/7
  1538 | D:2      | Reached skill level 5 in Unarmed Combat
  2150 | D:3      | Reached XP level 5. HP: 32/37 MP: 6/8
  2533 | D:3      | Found a burning altar of Makhleb.
  2540 | D:3      | Found a sparkling altar of Nemelex Xobeh.
  2540 | D:3      | Found a glowing silver altar of Zin.
  2540 | D:3      | Found a stormy altar of Qazlal.
  2540 | D:3      | Found a radiant altar of Vehumet.
  2541 | D:3      | Found a deep blue altar of Sif Muna.
  2581 | D:3      | Became a worshipper of Makhleb the Destroyer
  2985 | D:3      | Learned a level 3 spell: Spider Form
  2986 | D:4      | Noticed an ogre
  2991 | D:4      | Killed an ogre
  2991 | D:4      | Reached skill level 1 in Stealth
  2991 | D:4      | Reached skill level 6 in Unarmed Combat
  2991 | D:4      | Reached XP level 6. HP: 43/43 MP: 9/9
  3062 | D:4      | Noticed Blork the orc
  3072 | D:4      | Killed Blork the orc
  3560 | D:4      | Reached skill level 7 in Unarmed Combat
  3570 | D:4      | HP: 2/43 [orc priest/nerve-wracking pain (9)]
  3571 | D:4      | Mangled by an orc

Vault maps used:
D:1:      ncdulo_lavacross, minmay_small_reverse_x
D:2:      hangedman_decor_growths
D:3:      grunt_temple_overflow_open, first_bread, minmay_strange_pillars
D:4:      uniq_blork_the_orc

Skill      XL: |  1  2  3  4  5  6 |
---------------+-------------------+-----
Unarmed Combat | 4 5 6 7 |  7.0
Dodging        | 3 4 |  4.6
Stealth        | 1 |  1.6
Transmutations | 3 |  3.0
Fighting       | |  1.3
Spellcasting   | |  2.3

Action                   |  1- 3 |  4- 6 || total
-------------------------+-------+-------++-------
Melee: Unarmed           |   130 |   209 ||   339
       Punch             |     2 |     8 ||    10
       Headbutt          |       |     9 ||     9
 Cast: Beastly Appendage |     1 |     4 ||     5
  Use: Potion            |     1 |     1 ||     2
       Scroll            |       |     5 ||     5
 Stab: Sleeping          |     4 |     3 ||     7
  Eat: Royal jelly       |     1 |     1 ||     2
       Meat ration       |       |     1 ||     1
       Fruit             |       |     1 ||     1
Armor: Robe              |    23 |    30 ||    53
Dodge: Dodged            |    96 |   142 ||   238
